Map: Orbital Shipyard

Players

ignite - Winner!

  • Race: Terran Terran

Kronos

  • Race: Zerg Zerg
  • League: Diamond

VOD

Have the link to the VOD?

Description

Time

  • Played on: Feb. 6, 2016, 12:15 p.m.
  • Length: 11:18
Show
View Real Time Build Order
Export as new Build Order

ignite Terran - Winner!

Build Orders: Reaper Expand, MMM Bio 

Get SALT Encoding   

  12  0:01  SCV  
  13  0:13  SCV  
  14  0:17  Supply Depot  
  14  0:25  SCV  
  15  0:39  SCV  
  15  0:40  Barracks  
  16  0:45  Refinery  
  16  0:51  SCV  
  17  1:03  SCV  
  18  1:15  SCV  
  19  1:27  Orbital Command  
  19  1:29  Reaper  
  20  1:42  Command Center  
  20  1:54  SCV, Supply Depot  
  21  2:05  Reaper  
  22  2:08  SCV  
  23  2:21  SCV  
  24  2:30  Command Center  
  24  2:33  SCV  
  25  2:39  Factory  
  25  2:46  SCV  
  26  2:52  Barracks Reactor  
  26  3:00  Orbital Command  
  26  3:03  SCV  
  27  3:15  SCV  
  28  3:27  SCV  
  28  3:29  SCV  
  28  3:31  Refinery  
  30  3:35  Barracks Tech Lab  
  30  3:36  Hellion x2  
  34  3:42  SCV x2  
  34  3:44  Orbital Command  
  36  3:53  Marine  
  36  3:54  SCV x2  
  36  3:55  Stimpack  
  39  3:58  Hellion x2  
  43  4:09  SCV x2  
  45  4:11  SCV  
  45  4:14  Marine  
  47  4:20  Engineering Bay  
  47  4:21  Engineering Bay, SCV x2  
  47  4:22  Hellion x2  
  47  4:23  SCV  
  54  4:33  SCV x2  
  54  4:35  SCV  
  54  4:36  Marine  
  58  4:45  SCV x2, Bunker  
  60  4:48  SCV  
  61  4:57  Terran Infantry Armor Level 1, Terran Infantry Weapons Level 1  
  61  4:58  Barracks  
  61  4:59  Factory Reactor  
  61  5:00  Barracks  
  61  5:01  Supply Depot  
  61  5:02  Supply Depot x2  
  61  5:04  SCV x2, Marine  
  64  5:11  SCV  
  65  5:15  Orbital Command  
  65  5:17  Refinery  
  65  5:18  Refinery  
  65  5:22  SCV  
  65  5:23  SCV  
  67  5:32  Marine  
  68  5:36  SCV x2  
  68  5:41  Starport  
  70  5:44  SCV  
  70  5:45  Factory Reactor  
  70  5:48  Marine x2  
  73  5:51  SCV x2  
  73  5:56  Marine x3  
  78  6:00  Barracks, SCV  
  78  6:02  Barracks  
  79  6:06  SCV x2  
  79  6:09  Marine x2  
  83  6:12  SCV, Supply Depot x2  
  83  6:13  Supply Depot  
  83  6:15  Marine  
  83  6:16  Armory, Marine  
  83  6:17  Missile Turret  
  86  6:19  Missile Turret, SCV x2  
  86  6:20  Missile Turret  
  88  6:27  SCV  
  88  6:28  Marine x2  
  88  6:30  Factory Tech Lab  
  88  6:31  SCV, Marine  
  93  6:34  SCV  
  93  6:39  SCV, Marine x2  
  97  6:42  Supply Depot  
  97  6:45  Medivac x2  
  97  6:46  Supply Depot  
  101  6:48  Supply Depot  
  101  6:49  Marine x3  
  101  6:50  Marauder  
  100  6:58  SCV x2  
  100  6:59  SCV  
  100  7:01  Barracks Tech Lab  
  97  7:04  Siege Tank  
  100  7:09  Barracks Tech Lab  
  100  7:10  SCV, Marine x3  
  104  7:16  Refinery x2  
  104  7:17  SCV  
  104  7:19  Marine  
  104  7:21  Combat Shields  
  106  7:23  Marauder x2  
  106  7:25  Concussive Shells  
  106  7:28  Terran Infantry Weapons Level 2  
  106  7:29  Terran Infantry Armor Level 2  
  110  7:33  Marine x3, Marauder  
  115  7:38  Marine  
  115  7:39  Siege Tank  
  115  7:43  Medivac x2  
  123  7:50  Marauder  
  123  7:51  Marauder  
  127  7:56  Command Center  
  127  8:00  Marine x2, Marauder  
  127  8:05  Marine x2  
  132  8:11  Terran Vehicle Weapons Level 1, Factory  
  132  8:12  Marauder  
  135  8:16  Barracks  
  135  8:17  Barracks  
  135  8:20  Barracks  
  135  8:27  Marine x2, Marauder  
  135  8:28  Marauder  
  135  8:32  Supply Depot  
  135  8:33  Marine x2  
  143  8:34  Supply Depot, Marine  
  143  8:36  Supply Depot  
  144  8:43  Siege Tank  
  144  8:45  Medivac x2  
  151  8:52  Marine x2, Marauder  
  151  8:53  Marine  
  151  8:54  Marauder  
  151  8:55  Marauder  
  160  8:57  Factory Tech Lab  
  160  9:00  Marine  
  162  9:18  Siege Tank  
  162  9:19  Barracks Reactor, Siege Tank  
  162  9:20  Barracks Reactor  
  162  9:23  Marine x7  
  162  9:24  Marine x2  
  175  9:35  Command Center  
  175  9:36  Marine  
  176  9:39  Missile Turret  
  176  9:41  Marine  
  177  9:47  Marine  
  177  9:51  Marine x2  
  177  9:52  Marine x4  
  184  9:57  Marine x2  
  186  10:04  Marine  
  186  10:05  Marine  
  186  10:06  Siege Tank  
  191  10:08  Siege Tank  
  191  10:09  Marine x2  
  191  10:10  Marauder  
  191  10:13  Barracks Tech Lab x2  
  180  10:16  Barracks Reactor, Marauder x2  
  182  10:22  Marine  
  183  10:33  Marine x3, Marauder  
  181  10:37  Marine, Marauder  
  181  10:41  Marine, Marauder x2  
  177  10:57  Marine x3  
  177  10:58  Marine x3  
  177  10:59  Command Center  
Show
View Real Time Build Order
Export as new Build Order

Kronos Zerg 

Build Orders: Hatch First 

Get SALT Encoding   

  12  0:01  Drone  
  13  0:08  Drone  
  14  0:17  Overlord  
  14  0:29  Extractor  
  14  0:30  Drone x2, Extractor  
  16  0:35  Drone  
  17  0:53  Hatchery  
  16  0:57  Drone  
  16  1:03  Extractor  
  16  1:12  Spawning Pool  
  16  1:17  Drone  
  16  1:19  Drone  
  17  1:27  Drone  
  17  1:32  Drone  
  19  1:43  Overlord  
  19  1:55  Drone  
  19  2:00  Queen  
  22  2:04  Metabolic Boost  
  22  2:11  Queen  
  22  2:13  Zergling x2  
  24  2:22  Drone  
  25  2:23  Drone  
  25  2:24  Zergling x2  
  25  2:26  Drone  
  25  2:29  Drone  
  29  2:34  Drone  
  30  2:46  Queen  
  30  2:50  Drone x3  
  35  3:04  Drone  
  36  3:10  Overlord  
  35  3:25  Zergling x4  
  35  3:26  Overlord  
  36  3:30  Drone x5  
  36  3:32  Lair  
  41  3:38  Extractor  
  40  3:42  Overlord  
  40  3:43  Drone x4  
  44  3:50  Drone x2  
  46  3:57  Spore Crawler  
  46  4:00  Spore Crawler  
  46  4:02  Drone x3  
  47  4:03  Drone x2  
  47  4:11  Extractor  
  47  4:12  Extractor  
  47  4:13  Zergling x6, Roach Warren  
  47  4:23  Zergling x4  
  49  4:49  Spire  
  49  4:50  Zergling x4  
  49  4:52  Overlord  
  50  4:53  Roach x5  
  60  5:00  Overlord  
  60  5:05  Overlord  
  60  5:17  Glial Reconstitution  
  60  5:22  Drone x3  
  60  5:23  Drone x4, Overlord  
  67  5:35  Roach x4  
  75  5:47  Ravager x5  
  80  5:50  Hatchery  
  79  5:58  Roach x4  
  79  5:59  Overlord  
  79  6:02  Ravager x3  
  90  6:06  Drone x2  
  92  6:18  Zerg Flyer Weapons Level 1  
  92  6:23  Infestation Pit  
  92  6:24  Overlord  
  89  6:33  Extractor  
  89  6:35  Overlord  
  89  6:37  Extractor  
  87  6:45  Baneling Nest  
  86  6:53  Roach x5  
  79  6:55  Drone x3  
  79  6:59  Drone x2  
  71  7:04  Hive  
  71  7:08  Zergling x2  
  72  7:16  Queen  
  72  7:21  Drone x5  
  72  7:22  Drone x3  
  82  7:28  Overlord  
  82  7:37  Evolution Chamber  
  82  7:38  Evolution Chamber  
  82  7:43  Centrifical Hooks  
  81  7:44  Drone x5  
  81  7:45  Drone x4  
  89  8:07  Zerg Melee Weapons Level 1, Zerg Ground Armor Level 1  
  89  8:19  Ultralisk Cavern  
  88  8:26  Zergling x2  
  88  8:27  Zergling x14  
  91  8:28  Zergling x4  
  97  8:37  Zergling x2  
  97  8:38  Zergling x24  
  110  8:46  Baneling x5  
  110  8:47  Baneling  
  110  9:07  Chitinous Plating  
  107  9:10  Ultralisk x3  
  107  9:16  Hatchery, Overlord  
  124  9:25  Overlord  
  124  9:39  Ultralisk  
  124  9:40  Ultralisk  
  136  9:48  Overlord  
  136  9:49  Overlord  
  135  10:00  Ultralisk  
  135  10:01  Overlord  
  111  10:19  Ultralisk x2  
  114  10:21  Zergling x4  
  108  10:40  Zergling x2  
  108  10:41  Zergling x16  
Tags
 
Add a new tag
Caveats
  • Supply blocks, unpowered buildings, or Contaminate may cause inaccurate times.
  • Supply counts are checked every 10 seconds.